 Dungeon Crawl Stone Soup version 0.24.0-13-gcf9b319 (webtiles) character file.

Game seed: 17221937984607386554, levelgen mode: deterministic

98 Ekaitz the Conjurer (level 4, -1/25 HPs)
             Began as a Deep Elf Conjurer on Dec 8, 2019.
             Slain by a sky beast (5 damage)
             ... on level 3 of the Dungeon.
             The game lasted 00:07:25 (2324 turns).

Ekaitz the Conjurer (Deep Elf Conjurer)             Turns: 2324, Time: 00:07:26

Health: -1/25      AC:  3    Str:  6    XL:     4   Next: 44%
Magic:  9/11       EV: 13    Int: 20    God:
Gold:   155        SH:  0    Dex: 15    Spells: 3/9 levels left

rFire    . . .     SeeInvis .   l - +1 dagger (venom)
rCold    . . .     Gourm    .   (no shield)
rNeg     . . .     Faith    .   a - +0 robe
rPois    .         Spirit   .   f - +0 helmet
rElec    .         Reflect  .   (no cloak)
rCorr    .         Harm     .   (no gloves)
MR       .....                  (no boots)
Stlth    +++.......             j - amulet of rage
HPRegen  0.08/turn              q - ring of stealth
MPRegen  0.12/turn              (no ring)

@: no status effects
A: no striking features
a: Evoke Berserk Rage


You were on level 3 of the Dungeon.
You were not hungry.

You visited 1 branch of the dungeon, and saw 3 of its levels.

You collected 155 gold pieces.

Inventory:

Hand Weapons
 l - a +1 dagger of venom (weapon)
Missiles
 g - 57 arrows
Armour
 a - a +0 robe (worn)
 f - a +0 helmet (worn)
 k - a +0 shield
Jewellery
 j - an amulet of rage (around neck)
 q - a ring of stealth (left hand)
Scrolls
 b - a scroll of identify {unknown}
 d - a scroll of teleportation {unknown}
 e - a scroll of amnesia {unknown}
 p - a scroll of magic mapping {unknown}
 s - a scroll of blinking {unknown}
 t - a scroll of enchant weapon {unknown}
 u - a scroll of enchant armour {unknown}
Potions
 h - 2 potions of flight {unknown}
 i - a potion of ambrosia {unknown}
 m - a potion of curing {unknown}
 n - a potion of mutation {unknown}
 o - a potion of cancellation {unknown}
Comestibles
 c - 2 rations
 r - 5 chunks of flesh


   Skills:
 * Level 1.0 Fighting
 * Level 3.2 Dodging
 + Level 2.9 Stealth
 + Level 3.4 Spellcasting
 * Level 5.5 Conjurations


You had 3 spell levels left.
You knew the following spells:

 Your Spells              Type           Power        Failure   Level  Hunger
a - Magic Dart            Conj           ####         1%          1    None
b - Searing Ray           Conj           ####..       1%          2    ##.....
c - Dazzling Spray        Conj/Hex       ##....       13%         3    ###....

Your spell library contained the following spells:

 Spells                   Type           Power        Failure   Level  Hunger
 Iskenderun's Mystic Bla  Conj           ####....     14%         4    ####...
 Force Lance              Conj/Tloc      ##......     41%         4    ####...
 Fulminant Prism          Conj/Hex       ##........   41%         4    ####...


Dungeon Overview and Level Annotations

Branches:
Dungeon (3/15)

Altars:
Kikubaaqudgha
Okawaru


Message History

The searing ray misses the sky beast.
The sky beast hits you. The sky beast shocks you.
The searing ray misses the sky beast.
You finish channeling your searing ray.
The sky beast hits you. The sky beast shocks you.
* * * LOW HITPOINT WARNING * * *
Things that are here:
a cursed -1 trident; a +0 leather armour The sky beast flickers out of sight!
Deactivating autopickup; reactivate with Ctrl-A.
A sky beast appears from thin air!
Reactivating autopickup.
The sky beast barely misses you.
The sky beast flickers out of sight!
Deactivating autopickup; reactivate with Ctrl-A.
A sky beast appears from thin air!
Reactivating autopickup.
You fail to use your ability.
The sky beast hits you.
* * * LOW HITPOINT WARNING * * *
The sky beast shocks you.
You die...

#..........####.######.#####.#.#
#............................#.#
#...............######.####..#.#
#...........#.#.# #..........#.#
#.............#.# #.##.......#.#
#.............#.###.#........#.#
#...........#.#.......####.....#
##...........#.#..........#...#..
.#.......(...#.#@.......#.#####..
.#####.#.#+#.#.#Y#...............
..........)......#.###+#..######.
.)........≈....>.#.#.............
.#####.#.#.#.#.#.#.#.......#####.
.# #.#.#.#.#.#...#.......######
.#####+#.#.#.......#.......'.....
'##....).#.###.....#.......######
.........#.# #.....###.#####


You could see a sky beast.

Vanquished Creatures
  4 adders
  A shadow imp (D:3)
  2 worms (D:2)
  A leopard gecko (D:3)
  An orc (D:3)
  4 bats
  2 giant cockroaches (D:2)
  3 goblins
  5 hobgoblins
  4 jackals (D:3)
  3 quokkas
  8 frilled lizards
  6 kobolds
  4 rats
48 creatures vanquished.

Vanquished Creatures (others)
  A human (D:2)
1 creature vanquished.

Grand Total: 49 creatures vanquished

Notes
Turn   | Place    | Note
-------+----------+-------------------------------------------
     0 | D:1      | Ekaitz the Deep Elf Conjurer began the quest for the Orb.
     0 | D:1      | Reached XP level 1. HP: 10/10 MP: 6/6
   676 | D:2      | Reached XP level 2. HP: 16/16 MP: 4/8
   680 | D:2      | Learned a level 2 spell: Searing Ray
   872 | D:2      | Reached skill level 5 in Conjurations
   872 | D:2      | Reached XP level 3. HP: 20/20 MP: 5/9
  1012 | D:2      | Found an ancient bone altar of Kikubaaqudgha.
  1018 | D:2      | Noticed a human
  1019 | D:2      | Killed a human
  1093 | D:2      | Found an iron altar of Okawaru.
  1341 | D:2      | Reached skill level 1 in Fighting
  1461 | D:3      | Learned a level 3 spell: Dazzling Spray
  1584 | D:3      | Reached XP level 4. HP: 22/25 MP: 6/10
  2106 | D:3      | Noticed a sky beast
  2324 | D:3      | Slain by a sky beast

Levels and vault maps discovered:
D:1:      tarquinn_simple_flora_water_c, layout_basic
D:2:      layout_loops_cross, nicolae_overflow_crystal_walls, tgw_kikubaaqudgha
D:3:      layout_basic

Skill      XL: |  1  2  3 |
---------------+----------+-----
Conjurations   | 5 |  5.5
Dodging        | 3 |  3.2
Fighting       | 1 |  1.0
Stealth        | |  2.9
Spellcasting   | |  3.4

Action                   |  1- 3 |  4- 6 || total
-------------------------+-------+-------++-------
Melee: Dagger            |    33 |    17 ||    50
 Cast: Magic Dart        |    24 |     4 ||    28
       Searing Ray       |     6 |     4 ||    10
       Dazzling Spray    |     3 |       ||     3
 Stab: Sleeping          |     6 |     3 ||     9
       Invisible         |     1 |       ||     1
  Eat: Chunk             |     2 |     3 ||     5
Armor: Robe              |     7 |     2 ||     9
Dodge: Dodged            |    25 |     9 ||    34
